 Dungeon Crawl Stone Soup version 0.23.2-30-g0e89c35649 (webtiles) character file.

Game seed: 1397659740555242977

1276 jjfam the Cleaver (level 8, -14/71 HPs)
             Began as a Hill Orc Fighter on June 13, 2019.
             Demolished by an ogre
             ... wielding a +0 giant spiked club
              (20 damage)
             ... on level 5 of the Dungeon.
             The game lasted 00:16:50 (5096 turns).

jjfam the Cleaver (Hill Orc Fighter)                Turns: 5096, Time: 00:16:50

Health: -14/71     AC: 14    Str: 20    XL:     8   Next: 54%
Magic:  8/8        EV:  8    Int:  8    God:
Gold:   396        SH: 10    Dex: 11    Spells: 7/7 levels left

rFire    . . .     SeeInvis .   a - +0 war axe
rCold    . . .     Gourm    .   c - +0 shield
rNeg     . . .     Faith    .   b - +0 scale mail
rPois    .         Spirit   .   (no helmet)
rElec    .         Reflect  .   (no cloak)
rCorr    .         Harm     .   l - +0 pair of gloves
MR       .....                  r - +0 pair of boots
Stlth    ..........             (no amulet)
HPRegen  0.21/turn              n - +4 ring of protection
MPRegen  0.11/turn              (no ring)

@: no status effects
A: no striking features
a: no special abilities


You were on level 5 of the Dungeon.
You were not hungry.

You visited 2 branches of the dungeon, and saw 7 of its levels.
You also visited: Ossuary.

You collected 396 gold pieces.

Inventory:

Hand Weapons
 a - a +0 war axe (weapon)
 q - a +2 antimagic mace
Missiles
 p - 283 stones (quivered)
Armour
 b - a +0 scale mail (worn)
 c - a +0 shield (worn)
 l - a +0 pair of gloves (worn)
 r - a +0 pair of boots (worn)
Jewellery
 n - a +4 ring of protection (left hand)
Scrolls
 g - a scroll of identify
 h - 2 scrolls of remove curse
 j - 4 scrolls of teleportation
 o - a scroll of amnesia
 s - a scroll of enchant armour {unknown}
 u - a scroll of fog {unknown}
Potions
 e - a potion of degeneration {unknown}
 i - 3 potions of curing
 k - a potion of berserk rage {unknown}
 m - a potion of agility
 t - a potion of brilliance {unknown}
 v - a potion of lignification {unknown}
Comestibles
 d - 8 chunks of flesh
 f - 3 rations


   Skills:
 + Level 6.3 Fighting
 * Level 8.5 Axes
 + Level 5.7 Armour
 - Level 1.4 Dodging
 + Level 5.9 Shields


You had 7 spell levels left.
You didn't know any spells.
Your spell library was empty.

Dungeon Overview and Level Annotations

Branches:
Dungeon (6/15)             Temple (1/1) D:5

Altars:
Ashenzari
Cheibriados
Dithmenos
Elyvilon
Fedhas
Gozag
Hepliaklqana
Kikubaaqudgha
Makhleb
Nemelex Xobeh
Qazlal
Sif Muna
Uskayaw
Vehumet
Wu Jian
Yredelemnul
Zin


Message History

Unknown command.
You are too injured to fight recklessly!
You can't go down here!
You climb upwards.
There is a stone staircase leading down here.
You completely miss the ogre.
The ogre is moderately wounded.
The ogre hits you with a +0 giant spiked club!
* * * LOW HITPOINT WARNING * * *
Your shield prevents you from hitting the ogre.
The ogre is moderately wounded.
The ogre hits you with a +0 giant spiked club!
* * * LOW HITPOINT WARNING * * *
You hit the ogre but do no damage.
The ogre is moderately wounded.
The ogre closely misses you.
You slash the ogre!
The ogre is severely wounded.
The ogre hits you with a +0 giant spiked club!!
You die...

#......# #...####.# #.# #......#
#...# #.# #.# ##......# ##.## #.#
#.# ##.......# #..# #.# #.#
#........# #.## #.# #.#
#.#.)....# #.# #.# #.# #.####.###
#.# #.# #.. #.# #.# #O# #.# ###
#####.# #.# #@# #.# ##
......####.#####.######.########.
###....................|..#......
#..###.##.####..######.........>
##.####.#######.###..............
...##.#.# #.........######.>.....
...#..#≈# ####..##### #.......
.....##≈# #.## ###..##...
...####≈# ##.# ##....##.8#


You could see an ogre.

Vanquished Creatures
  A phantom (D:3)
  A necrophage (D:5)
  An ogre (D:5)
  3 scorpions
  A howler monkey (D:3)
  A centaur zombie (Ossuary)
  A human zombie (Ossuary)
  2 jellies (D:5)
  2 orc wizards
  3 orc priests (D:5)
  An iguana (D:4)
  Natasha (thrice) (D:3)
  4 worker ants (D:4)
  A killer bee zombie (D:5)
  A big kobold zombie (Ossuary)
  2 mummies (Ossuary)
  12 gnolls
  5 adders
  2 oozes
  2 worms
  7 dart slugs
  A leopard gecko (D:4)
  12 orcs
  3 ball pythons
  10 bats
  2 giant cockroaches
  10 hobgoblins
  3 jackals (D:1)
  2 quokkas (D:4)
  6 frilled lizards
  3 gnoll zombies (Ossuary)
  7 goblins
  5 goblin zombies (Ossuary)
  2 hobgoblin zombies (Ossuary)
  4 kobolds
  2 leopard gecko zombies (D:5)
  An orc zombie (Ossuary)
  A quokka zombie (D:5)
  9 rats
139 creatures vanquished.

Notes
Turn   | Place    | Note
-------+----------+-------------------------------------------
     0 | D:1      | jjfam the Hill Orc Fighter began the quest for the Orb.
     0 | D:1      | Reached XP level 1. HP: 19/19 MP: 1/1
    89 | D:1      | Reached XP level 2. HP: 26/27 MP: 2/2
   122 | D:1      | Reached skill level 3 in Axes
   469 | D:1      | Reached XP level 3. HP: 25/33 MP: 3/3
  1111 | D:2      | Found a burning altar of Makhleb.
  1123 | D:2      | Found a deep blue altar of Sif Muna.
  1132 | D:2      | Found a blossoming altar of Fedhas.
  1141 | D:2      | Found a hazy altar of Hepliaklqana.
  1271 | D:2      | Reached XP level 4. HP: 36/40 MP: 4/4
  1294 | D:2      | Reached skill level 4 in Axes
  1313 | D:2      | Found a faded altar of an unknown god.
  2251 | D:3      | Noticed Natasha
  2254 | D:3      | Reached XP level 5. HP: 46/46 MP: 5/5
  2264 | D:3      | Killed Natasha
  2264 | D:3      | Reached skill level 1 in Dodging
  2415 | D:3      | Reached skill level 5 in Axes
  2415 | D:3      | Noticed Natasha
  2424 | D:3      | Killed Natasha
  2424 | D:3      | Reached XP level 6. HP: 49/53 MP: 6/6
  2446 | D:3      | Noticed Natasha
  2454 | D:3      | Killed Natasha
  2959 | D:4      | Noticed a phantom
  2987 | D:3      | Reached skill level 6 in Axes
  3010 | D:3      | Killed a phantom
  3010 | D:3      | Reached skill level 5 in Fighting
  3010 | D:3      | Reached XP level 7. HP: 34/61 MP: 7/7
  3334 | D:4      | Reached skill level 5 in Shields
  3764 | D:4      | Reached skill level 5 in Armour
  3865 | D:4      | Reached skill level 7 in Axes
  3977 | D:4      | Found a shattered altar of Ashenzari.
  4102 | D:5      | Entered Level 5 of the Dungeon
  4121 | D:5      | Found a sand-covered staircase.
  4135 | Ossuary  | Entered an ossuary
  4164 | Ossuary  | Reached XP level 8. HP: 41/70 MP: 8/8
  4454 | D:5      | Found a staircase to the Ecumenical Temple.
  4467 | Temple   | Entered the Ecumenical Temple
  4659 | D:5      | Reached skill level 8 in Axes
  5096 | D:5      | Demolished by an ogre

Skill      XL: |  1  2  3  4  5  6  7  8 |
---------------+-------------------------+-----
Axes           | 3 4 5 6 7 8 |  8.5
Fighting       | 4 5 6 |  6.3
Shields        | 4 5 |  5.9
Armour         | 4 5 |  5.7
Dodging        | 1 |  1.4

Action                   |  1- 3 |  4- 6 |  7- 9 || total
-------------------------+-------+-------+-------++-------
Melee: War axe           |   134 |   147 |   191 ||   472
 Fire: Hunting sling     |       |     2 |       ||     2
Throw: Stone             |       |    18 |     2 ||    20
  Use: Potion            |       |     3 |     1 ||     4
       Scroll            |       |       |     5 ||     5
  Eat: Chunk             |     1 |     3 |     3 ||     7
       Ration            |       |     1 |     1 ||     2
Armor: Scale mail        |    66 |    81 |    69 ||   216
Dodge: Dodged            |    53 |    53 |    58 ||   164
Block: Shield            |    82 |    83 |    97 ||   262
